 Dungeon Crawl Stone Soup version 0.31-a0-152-g6aa68a64a1 (webtiles) character file.

Game seed: 17719751828467421110

727 qw the Chopper (level 7, -15/44 HPs)
             Began as a Gargoyle Fighter on June 10, 2023.
             Demolished by an ogre
             ... wielding a +0 giant spiked club
              (28 damage)
             ... on level 5 of the Dungeon.
             The game lasted 00:02:02 (3301 turns).

qw the Chopper (Gargoyle Fighter)                   Turns: 3301, Time: 00:02:03

Health: -15/44     AC: 15    Str: 22    XL:     7   Next: 72%
Magic:  7/7        EV:  8    Int:  8    God:
Gold:   140        SH:  4    Dex:  9    Spells: 6/6 levels left

rFire   . . .        Y - +1 war axe (elec)
rCold   . . .        c - +0 buckler
rNeg    + . .        l - +0 chain mail
rPois   inf          h - +0 helmet
rElec   +            (no cloak)
rCorr   .            (no gloves)
SInv    .            (no boots)
Will    .....        j - amulet of faith Stlth
                     (no ring)
HPRegen 0.27/turn    (no ring)
MPRegen 0.10/turn

%: faith
@: no status effects
A: sickness immunity, AC +4, negative energy resistance 1, electricity
resistance, torment resistance 1, petrification resistance
a: no special abilities


You were on level 5 of the Dungeon.
You visited 1 branch of the dungeon, and saw 5 of its levels.

You collected 140 gold pieces.


Innate Abilities, Weirdness & Mutations

You are immune to sickness and miasma.
Your stone body is resilient. (AC +4)
You are immune to poison.
You resist negative energy. (rN+)
You are resistant to electric shocks. (rElec)
You are resistant to unholy torment.
You are immune to petrification.


   Skills:
 + Level 4.4 Fighting
 - Level 7.0 Axes
 - Level 3.2 Armour
 - Level 1.6 Dodging
 - Level 3.2 Shields


You had 6 spell levels left.
You didn't know any spells.
Your spell library was empty.

Inventory:

Hand Weapons
 p - a +0 flail
 Y - a +1 war axe of electrocution (weapon)
Missiles
 k - 6 boomerangs
Armour
 c - a +0 buckler (worn)
 h - a +0 helmet (worn)
 l - a +0 chain mail (worn)
Jewellery
 j - an amulet of faith (around neck)
Scrolls
 a - a scroll of identify
 i - 2 scrolls of teleportation
Potions
 d - a potion of might
 e - a potion of attraction
 f - 2 potions of heal wounds
 g - 3 potions of curing
 m - a potion of brilliance {unknown}

Dungeon Overview and Level Annotations

Branches:
Dungeon (5/15)
 Temple: D:4-7

Altars:
Hepliaklqana
Uskayaw
Yredelemnul
Zin

Annotations:
D:2 1 runed translucent door, Crazy Yiuf


Message History

Enter note:
Enter note:
Enter note: Done exploring.
(D) Dungeon
Where to? (* - list waypoints, Enter - D:4, ? - help)
What level of the Dungeon? (default 1, ? - help)
There is an open gate here.
You see here a +0 short sword.
There is a stone staircase leading down here.
You climb downwards.
You hear the sound of rushing water.
There is an entrance to a sewer on this level.
Hurry and find it before the portal rusts away!
Found a potion of curing.
There is a stone staircase leading up here.
Waypoint 4 assigned to D:5.
3276 ||| PLANNING SEWER
g - 3 potions of curing (gained 1)
An ogre comes into view. It is wielding a +0 giant spiked club.
The ogre shouts!
A phantom comes into view.
You hit the ogre.
The ogre is lightly wounded.
The ogre hits you with a +0 giant spiked club!!
Ouch! That really hurt!
You slash the ogre!
The ogre is heavily wounded.
You barely miss the ogre.
The ogre is heavily wounded.
The ogre hits you with a +0 giant spiked club!
You barely miss the ogre.
The ogre is heavily wounded.
The ogre closely misses you.
You barely miss the ogre.
The ogre is heavily wounded.
You closely miss the phantom.
The phantom hits you but does no damage.
The ogre hits you with a +0 giant spiked club!!
Ouch! That really hurt!
You die...

... ..# #.. #..
.. #.## #WO# #@#
#.## #..#
#.##.###########
#..............#
##.............#
#.####........#
#. #........# #.
#......<.#


You could see an ogre and a phantom.

Vanquished Creatures
  Grinder (D:3)
  An ogre (D:4)
  Blork the orc (D:4)
  A hound (D:4)
  An orc priest (D:4)
  2 iguanas (D:4)
  A sleepcap (D:3)
  Terence (D:2)
  Robin (D:3)
  4 gnolls
  8 adders
  A worm (D:2)
  A dart slug (D:1)
  5 orcs (D:4)
  7 bats
  10 endoplasms
  2 giant cockroaches
  15 goblins
  9 hobgoblins
  7 jackals
  8 kobolds
  4 quokkas
  3 ball pythons
  A frilled lizard (D:3)
  6 rats
101 creatures vanquished.

Notes
Turn   | Place    | Note
-------+----------+-------------------------------------------
     0 | D:1      | qw the Gargoyle Fighter began the quest for the Orb.
     0 | D:1      | Reached XP level 1. HP: 14/14 MP: 1/1
     0 | D:1      | 0 ||| qw: Version: 0.2-a-29-gd901d54
     0 | D:1      | 0 ||| qw: Game counter: 3967
     0 | D:1      | 0 ||| qw: Always use a shield: true
     0 | D:1      | 0 ||| qw: God list: Okawaru
     0 | D:1      | 0 ||| qw: Allow faded altars: false
     0 | D:1      | 0 ||| qw: Do Orc after D:15 true
     0 | D:1      | 0 ||| qw: Do second Lair branch before Depths: true
     0 | D:1      | 0 ||| qw: Lair rune preference: random
     0 | D:1      | 0 ||| qw: Plans: Normal, Zot:1-4, Slime:5, God:TSO, Crypt,
                  | Tomb, Abyss, Pan, Hells, Win
     0 | D:1      | 0 ||| PLANNING D:1-11
    60 | D:1      | Reached skill level 2 in Axes
   123 | D:1      | 123 ||| Stepping ~*~*~tactically~*~*~ (stealth).
   129 | D:1      | Reached XP level 2. HP: 19/19 MP: 2/2
   160 | D:1      | You fall into a shaft and drop 1 floor!
   207 | D:2      | Reached skill level 3 in Axes
   238 | D:2      | Reached XP level 3. HP: 22/23 MP: 3/3
   271 | D:2      | 271 ||| UPGRADING to +0 helmet.
   276 | D:2      | 276 ||| READING 2 scrolls labelled VAZEAS LUASE.
   423 | D:1      | Found a faded altar of an unknown god.
   447 | D:1      | 447 ||| UPGRADING to amulet of faith.
   817 | D:1      | 817 ||| READING scroll labelled IDWOERGHAPAB.
   818 | D:1      | 818 ||| READING scroll labelled DIGGUNWOXA.
   819 | D:1      | 819 ||| READING scroll labelled BIUTEXA OTHA.
   820 | D:1      | 820 ||| DRINKING 3 ruby potions.
   857 | D:2      | 857 ||| DROPPING +0 club.
   883 | D:2      | Reached XP level 4. HP: 21/28 MP: 4/4
  1100 | D:2      | Reached skill level 4 in Axes
  1166 | D:2      | Noticed Terence
  1177 | D:2      | Killed Terence
  1229 | D:2      | 1229 ||| DROPPING +0 mace.
  1271 | D:2      | Found a runed translucent door.
  1272 | D:2      | Noticed Crazy Yiuf
  1346 | D:2      | 1346 ||| Stepping ~*~*~tactically~*~*~ (stealth).
  1349 | D:2      | Reached XP level 5. HP: 32/32 MP: 5/5
  1349 | D:2      | 1349 ||| Stepping ~*~*~tactically~*~*~ (stealth).
  1568 | D:2      | 1568 ||| UPGRADING to +0 chain mail.
  1578 | D:2      | 1578 ||| DROPPING +0 scale mail.
  1579 | D:2      | 1579 ||| READING scroll labelled OWKONUCAID.
  1580 | D:2      | 1580 ||| READING scroll labelled SOCEWO QUPO.
  1581 | D:2      | 1581 ||| DRINKING 2 amethyst potions.
  1582 | D:2      | 1582 ||| DRINKING 2 potions of curing.
  1582 | D:2      | 1582 ||| (to cure confusion)
  1583 | D:2      | 1583 ||| READING 2 scrolls of identify.
  1583 | D:2      | 1583 ||| IDENTIFYING bubbling cyan potion
  1584 | D:2      | 1584 ||| DROPPING potion of ambrosia.
  1672 | D:3      | 1672 ||| Stepping ~*~*~tactically~*~*~ (stealth).
  1696 | D:3      | 1696 ||| Stepping ~*~*~tactically~*~*~ (stealth).
  1697 | D:3      | 1697 ||| Stepping ~*~*~tactically~*~*~ (stealth).
  2000 | D:3      | Noticed Grinder
  2007 | D:3      | Paralysed by Grinder for 3 turns
  2014 | D:3      | Paralysed by Grinder for 4 turns
  2024 | D:3      | Killed Grinder
  2025 | D:3      | Reached skill level 6 in Axes
  2025 | D:3      | Reached XP level 6. HP: 23/37 MP: 6/6
  2105 | D:3      | Found a hazy altar of Hepliaklqana.
  2251 | D:3      | Noticed Robin
  2253 | D:3      | 2253 ||| Stepping ~*~*~tactically~*~*~ (hiding).
  2266 | D:3      | Killed Robin
  2375 | D:3      | 2375 ||| READING scroll labelled FOF OFIUNEPUTZ.
  2376 | D:3      | 2376 ||| READING scroll labelled LUESEU WERELICW.
  2377 | D:3      | 2377 ||| READING 5 scrolls of identify.
  2377 | D:3      | 2377 ||| IDENTIFYING gluggy clear potion
  2378 | D:3      | 2378 ||| READING 4 scrolls of identify.
  2378 | D:3      | 2378 ||| IDENTIFYING purple potion
  2379 | D:3      | 2379 ||| READING 3 scrolls of identify.
  2379 | D:3      | 2379 ||| IDENTIFYING sedimented white potion
  2380 | D:3      | 2380 ||| READING 2 scrolls of identify.
  2380 | D:3      | 2380 ||| IDENTIFYING bubbling puce potion
  2381 | D:3      | 2381 ||| DROPPING potion of enlightenment.
  2382 | D:3      | 2382 ||| DROPPING potion of degeneration.
  2383 | D:3      | 2383 ||| DROPPING potion of berserk rage.
  2438 | D:4      | Found a basalt altar of Yredelemnul.
  2462 | D:4      | 2462 ||| Stepping ~*~*~tactically~*~*~ (stealth).
  2463 | D:4      | 2463 ||| Stepping ~*~*~tactically~*~*~ (stealth).
  2531 | D:4      | 2531 ||| Stepping ~*~*~tactically~*~*~ (stealth).
  2543 | D:4      | Reached skill level 1 in Dodging
  2543 | D:4      | Reached XP level 7. HP: 43/43 MP: 7/7
  2551 | D:4      | Noticed Blork the orc
  2558 | D:4      | Killed Blork the orc
  2676 | D:4      | 2676 ||| FLEEEEING.
  2684 | D:4      | 2684 ||| STAIRDANCE
  2707 | D:3      | 2707 ||| READING scroll labelled EWKEOM HAASIM.
  2708 | D:3      | 2708 ||| READING 3 scrolls labelled KOSHRA WAQATUMI.
  2740 | D:4      | 2740 ||| STAIRDANCE
  2763 | D:4      | 2763 ||| STAIRDANCE
  2813 | D:4      | Reached skill level 7 in Axes
  2849 | D:4      | Identified the +3 spear of Disgust {venom, *Rage rElec
                  | Will+++ rCorr}
  3092 | D:4      | 3092 ||| Stepping ~*~*~tactically~*~*~ (stealth).
  3190 | D:4      | Found a glowing silver altar of Zin.
  3190 | D:4      | Noticed an angel
  3247 | D:4      | Found a hide-covered altar of Uskayaw.
  3275 | D:5      | Entered Level 5 of the Dungeon
  3276 | D:5      | 3276 ||| PLANNING SEWER
  3301 | D:5      | Demolished by an ogre

Levels and vault maps discovered:
D:1:      tarquinn_simple_flora_water_f, layout_rooms,
          hellmonk_ecumenical_altar_lost_god, hangedman_glass_teeth,
          solitary_fountain, hex_large
D:2:      layout_loops_ring, minmay_misc_feat_hallway, minmay_statues_item,
          kennysheep_flooded_box, uniq_crazy_yiuf_cottage, uniq_terence
D:3:      layout_loops_ring, mainiacjoe_overflow_alcove_4, hangedman_decor_push,
          minmay_misc_feat_pillars, uniq_robin, uniq_grinder
D:4:      layout_rooms, zin_angel, mainiacjoe_overflow_big_doors,
          uniq_blork_the_orc
D:5:      layout_rooms, minmay_temple_entry_antechambers, gup_sewer_entry_glass

Skill      XL: |  1  2  3  4  5  6  7 |
---------------+----------------------+-----
Axes           | 2 3 4 6 7 |  7.0
Fighting       | 4 |  4.4
Dodging        | 1 |  1.6
Armour         | |  3.2
Shields        | |  3.2

Action                     |  1- 3 |  4- 6 |  7- 9 || total
---------------------------+-------+-------+-------++-------
  Melee: War axe           |   129 |   104 |    75 ||   308
    Use: Scroll            |     4 |     9 |     2 ||    15
         Potion            |     1 |     2 |       ||     3
 Armour: Scale mail        |    83 |     8 |       ||    91
         Chain mail        |       |    29 |    48 ||    77
  Dodge: Dodged            |    66 |    22 |    31 ||   119
  Block: Buckler           |    24 |    12 |    12 ||    48

Table legend:
 A = Non-vault XP
 B = Vault XP
 C = Vault XP percentage of total XP
 D = Non-vault monster count
 E = Vault monster count
 F = Vault count percentage of total count
                 A         B        C        D         E       F
            +---------+---------+-------+---------+---------+-------
      Total |     612 |     427 |  41.1 |      87 |      14 |  13.9
            +---------+---------+-------+---------+---------+-------
        D:1 |      46 |       0 |   0.0 |      27 |       0 |   0.0
        D:2 |      90 |      36 |  28.6 |      23 |       1 |   4.2
        D:3 |     108 |     292 |  73.0 |      14 |      12 |  46.2
        D:4 |     368 |      99 |  21.2 |      23 |       1 |   4.2
            +---------+---------+-------+---------+---------+-------
